 Dungeon Crawl Stone Soup version 0.30-a0-172-gc5509c9e31 (webtiles) character file.

Game seed: 8402202340721676870

208017 Flugkiller the Spry (level 17, -3/138 HPs)
             Began as a Mummy Ice Elementalist on Oct 2, 2022.
             Was an Elder of Ashenzari.
             Killed from afar by a starcursed mass (7 damage)
             ... with an accursed screaming
             ... on level 3 of the Abyss.
             The game lasted 00:41:15 (25489 turns).

Flugkiller the Spry (Mummy Ice Elementalist)       Turns: 25489, Time: 00:41:16

Health: -3/138     AC: 14    Str: 14 (17) XL:     17   Next: 63%
Magic:  27/27      EV: 29    Int: 14 (15) God:    Ashenzari [****..]
Gold:   1155       SH:  0    Dex: 28 (29) Spells: 11/29 levels left

rFire   . . .      SeeInvis +    i - +11 arbalest of the Ensconced Comet {elec, Str+3, Self, Range} (curse)
rCold   + . .      Faith    +    (shield currently unavailable)
rNeg    + + +      Spirit   .    E - +2 robe {rF+}
rPois   ∞          Reflect  .    g - +2 helmet of the Eye in the Sky {Evo, Range} (curse)
rElec   .          Harm     .    F - +1 cloak "Bound Together" {Evo, Range} (curse)
rCorr   .          Rampage  .    j - +2 pair of gloves of the Unyielding Gaze {Range, Melee} (curse)
Will    ++...      Clarity  +    (no boots)
Stlth   +++.......               l - amulet of Ashenzari's Stickiness {Regen+, Elem, Fort} (curse)
HPRegen 1.23/turn                K - ring of Ashenzari's Burden {Dex+6, Evo, Range} (curse)
MPRegen 0.20/turn                a - +6 ring of dexterity

@: studying Shields
A: cold resistance 1, negative energy resistance 3, torment resistance 2, heat
vulnerability 1, in touch with death 2, no potions, faith
}: 2/15 runes: barnacled, abyssal
a: Renounce Religion, Curse Item, Shatter the Chains


You were on level 3 of the Abyss.
You worshipped Ashenzari.
Ashenzari was greatly pleased with you.
You visited 7 branches of the dungeon, and saw 29 of its levels.
You visited the Abyss 1 time.
You also visited: Sewer and Ice Cave.

You collected 2622 gold pieces.
You spent 1467 gold pieces at shops.

Inventory:

Hand Weapons
 e - a +3 broad axe of venom
   (You found it on level 1 of the Dungeon)
 i - the cursed +11 arbalest of the Ensconced Comet (weapon) {elec, Str+3, Self, Range}
   (You found it on level 2 of the Dungeon)

   Any ammunition fired from it occasionally discharges a powerful burst of
   electricity upon striking a foe.
   Str:       It affects your strength (+3).
   It has a curse which improves the following skills: Introspection: Fighting
   and Spellcasting.
   Ranged Combat: Ranged Weapons and Throwing.
Missiles
 w - 3 throwing nets
Armour
 d - a +0 helmet
   (You found it on level 7 of the Dungeon)
 g - the cursed +2 helmet of the Eye in the Sky (worn) {Evo, Range}
   (You took it off Robin on level 3 of the Dungeon)

   It has a curse which improves the following skills: Evocations: Evocations.
   Ranged Combat: Ranged Weapons and Throwing.
 j - the cursed +2 pair of gloves of the Unyielding Gaze (worn) {Range, Melee}
   (You found it on level 3 of the Dungeon)

   It has a curse which improves the following skills: Ranged Combat: Ranged
   Weapons and Throwing.
   Melee Combat: Short Blades, Long Blades, Axes, Maces & Flails, Polearms,
   Staves and Unarmed Combat.
 C - the +3 troll leather armour "Nymim" {Will+ Regen+ Int+6}
   (You found it in an ice cave)

   Int:       It affects your intelligence (+6).
   Regen:     It increases your rate of health regeneration.
   Will:      It increases your willpower.
 E - a +2 robe of fire resistance (worn)
   (You took it off an orc wizard on level 9 of the Dungeon)
 F - the cursed +1 cloak "Bound Together" (worn) {Evo, Range}
   (You took it off Maurice on level 7 of the Dungeon)

   It has a curse which improves the following skills: Evocations: Evocations.
   Ranged Combat: Ranged Weapons and Throwing.
 H - the +0 robe "Qum Heets" {rC+ Regen+}
   (You found it on level 11 of the Dungeon)

   rC:        It protects you from cold.
   Regen:     It increases your rate of health regeneration.
 J - the +5 ring mail of the Gastropod {Will- MP+9 Dex+6 Stlth-}
   (You acquired it on level 4 of the Lair of Beasts)

   Dex:       It affects your dexterity (+6).
   MP:        It affects your magic capacity (+9).
   Will:      It decreases your willpower.
   Stlth:     It makes you less stealthy.
 R - the +1 leather armour of the Spheres {rElec rC+ Will+ MP-9}
   (You found it in an ice cave)

   rC:        It protects you from cold.
   rElec:     It insulates you from electricity.
   MP:        It affects your magic capacity (-9).
   Will:      It increases your willpower.
Jewellery
 a - a +6 ring of dexterity (right hand)
   (You bought it in a shop on level 2 of the Orcish Mines)
 c - a ring of protection from cold
   (You found it in an ice cave)
 l - the cursed amulet of Ashenzari's Stickiness (around neck) {Regen+, Elem, Fort}
   (You bought it in a shop on level 8 of the Dungeon)

   [amulet of regeneration]

   Regen:     It increases your rate of health regeneration.
   It has a curse which improves the following skills: Elements: Fire Magic, Ice
   Magic, Air Magic and Earth Magic.
   Fortitude: Armour and Shields.
 p - a ring of protection from cold
   (You took it off an orc wizard on level 7 of the Dungeon)
 v - a ring of ice
   (You found it on level 5 of the Lair of Beasts)
 A - a ring of flight
   (You took it off a gnoll bouda on level 7 of the Dungeon)
 D - the amulet "Sisulle" {Spirit rPois Regen+ SInv Stlth+}
   (You found it on level 4 of the Shoals)

   [amulet of guardian spirit]

   It causes incoming damage to be divided between your reserves of health and
   magic.
   rPois:     It protects you from poison.
   SInv:      It lets you see invisible.
   Regen:     It increases your rate of health regeneration.
   Stlth:     It makes you more stealthy.
 K - the cursed ring of Ashenzari's Burden (left hand) {Dex+6, Evo, Range}
   (You found it on level 2 of the Lair of Beasts)

   [ring of dexterity]

   Dex:       It affects your dexterity (+6).
   It has a curse which improves the following skills: Evocations: Evocations.
   Ranged Combat: Ranged Weapons and Throwing.
 L - a ring of wizardry
   (You found it on level 3 of the Lair of Beasts)
 N - a +4 ring of protection
   (You found it on level 4 of the Lair of Beasts)
 Q - an amulet of reflection
   (You found it in an ice cave)
 S - an amulet of the acrobat
   (You found it on level 4 of the Shoals)
Wands
 k - a wand of charming (19)
   (You found it on level 4 of the Dungeon)
 s - a wand of iceblast (15)
   (You found it on level 6 of the Dungeon)
 u - a wand of flame (66)
   (You found it on level 6 of the Dungeon)
 x - a wand of acid (18)
   (You took it off Pikel on level 6 of the Dungeon)
 y - a wand of mindburst (21)
   (You found it on level 7 of the Dungeon)
 B - a wand of digging (4)
   (You took it off an orc wizard on level 7 of the Dungeon)
 I - a wand of polymorph (20)
   (You found it on level 1 of the Lair of Beasts)
Scrolls
 f - 4 scrolls of fear
 h - 3 scrolls of poison
 n - 4 scrolls of immolation
 o - 4 scrolls of butterflies
 q - 4 scrolls of vulnerability
 r - 2 scrolls of magic mapping
 t - 11 scrolls of teleportation
 z - 3 scrolls of blinking
 G - 3 scrolls of enchant armour
 M - 3 scrolls of silence
 P - a scroll of torment
Miscellaneous
 m - a phantom mirror
   (You found it on level 9 of the Dungeon)
 O - a box of beasts
   (You found it on level 13 of the Dungeon)


   Skills:
 - Level 11.7(13.6) Fighting
 - Level 3.1(4.8) Axes
 - Level 12.5(18.0) Ranged Weapons
 - Level 8.6(10.6) Armour
 + Level 16.5 Dodging
 - Level 1.5 Stealth
 - Level 5.0(6.9) Spellcasting
 - Level 6.0 Hexes
 - Level 4.0 Summonings
 - Level 6.0(7.9) Ice Magic
 - Level 3.9(5.7) Air Magic
 - Level 5.7(7.6) Earth Magic
 - Level 6.6(10.5) Evocations


You had 11 spell levels left.
You knew the following spells:

 Your Spells              Type           Power      Damage    Failure   Level
a - Freeze                Ice            100%       1d11      1%          1
b - Frozen Ramparts       Ice            54%        1d9       1%          3
c - Ozocubu's Armour      Ice            27%        N/A       1%          3
d - Summon Ice Beast      Ice/Summ       21%        N/A       12%         4
e - Leda's Liquefaction   Hex/Erth       11%        N/A       9%          4
w - Swiftness             Air            20%        N/A       4%          3

Your spell library contained the following spells:

 Spells                   Type           Power      Damage    Failure   Level
 Sandblast                Erth           52%        2d12      1%          1
 Ensorcelled Hibernation  Hex/Ice        48%        N/A       1%          2
 Call Imp                 Summ           16%        N/A       4%          2
 Passwall                 Tmut/Erth      12%        N/A       4%          2
 Static Discharge         Conj/Air       24%        2-3/arc   7%          2
 Hailstorm                Conj/Ice       16%        3d6       9%          3
 Stone Arrow              Conj/Erth      30%        3d8       9%          3
 Inner Flame              Hex/Fire       13%        N/A       12%         3
 Dazzling Flash           Conj/Hex       26%        N/A       13%         3
 Foxfire                  Conj/Fire      20%        2x1d5     14%         1
 Magic Dart               Conj           16%        1d3       14%         1
 Mephitic Cloud           Conj/Pois/Air  10%        N/A       21%         3
 Searing Ray              Conj           8%         2d4       22%         2
 Metabolic Englaciation   Hex/Ice        12%        N/A       22%         5
 Fulminant Prism          Conj/Hex       6%         3d7       38%         4
 Gell's Gravitas          Tloc           4%         N/A       41%         3
 Teleport Other           Tloc           4%         N/A       41%         3
 Flame Wave               Conj/Fire      5%         2d5       80%         4
 Sticky Flame             Conj/Fire      5%         2d3       80%         4
 Iskenderun's Mystic Bla  Conj/Tloc      4%         2d3       82%         4
 Fireball                 Conj/Fire      2%         3d4       98%         5
 Simulacrum               Ice/Necr       18%        N/A       99%         6
 Dispersal                Tloc           2%         N/A       100%        6
 Starburst                Conj/Fire      2%         6d3       100%        6
 Ice Form                 Ice/Tmut       Unusable   N/A       N/A         4

Dungeon Overview and Level Annotations

Branches:
Dungeon (15/15) Zot: 25970  Temple (1/1) D:4 Zot: 5635    Lair (5/5) D:11 Zot: 24747
 Shoals (4/4) Lair:2 Zot: 20273   Snake (1/4) Lair:3 Zot: 5998   Slime (0/5) Lair:5
    Orc (2/2) D:11 Zot: 10714     Elf (1/3) Orc:2 Zot: 5866  Vaults (0/5) D:13
 Depths (0/4) D:15          Sewer (visited)           IceCv (visited)

Altars:
Ashenzari
Cheibriados
Dithmenos
Fedhas
Gozag
Hepliaklqana
Kikubaaqudgha
Makhleb
Nemelex Xobeh
Okawaru
Qazlal
Ru
Sif Muna
Trog
Uskayaw
Vehumet
Wu Jian
Xom
Yredelemnul
Jiyva

Shops:
D:2 :   D:5 :*   D:8 =   Orc:2 (!?!=(

Annotations:
D:1 1 runed translucent door


Innate Abilities, Weirdness & Mutations

You are immune to poison.
Your flesh is cold resistant. (rC+)
You are immune to negative energy. (rN+++)
You are immune to unholy pain and torment.
You are vulnerable to heat. (rF-)
You are strongly in touch with the powers of death.
You do not drink.
You have a special connection with the divine. (Faith)


Message History

Fire: i) +11 arbalest of the Ensconced Comet {elec, Str+3, Self, Range} (curse)
Press: ? - help, Q - select action, (/) - cycle Shift-Dir - straight line, f/p - ancient zyme
Aim: an ancient zyme (severely damaged, 86% to hit)
You shoot a bolt. The bolt hits the ancient zyme.
The ancient zyme is almost destroyed.
The ancient zyme hits you but does no damage.
The ancient zyme misses you.
Fire: i) +11 arbalest of the Ensconced Comet {elec, Str+3, Self, Range} (curse)
Press: ? - help, Q - select action, (/) - cycle Shift-Dir - straight line, f/p - ancient zyme
Aim: an ancient zyme (almost destroyed, 86% to hit)
You shoot a bolt. The bolt hits the ancient zyme!
Lightning courses through the ancient zyme!
You destroy the ancient zyme!
Fire: i) +11 arbalest of the Ensconced Comet {elec, Str+3, Self, Range} (curse)
Press: ? - help, Q - select action, (/) - cycle Shift-Dir - straight line, f - starcursed mass
Aim: a starcursed mass (98% to hit)
You shoot a bolt. The bolt hits the starcursed mass!
You destroy the starcursed mass!
A starcursed mass splits.
Fire: i) +11 arbalest of the Ensconced Comet {elec, Str+3, Self, Range} (curse)
Press: ? - help, Q - select action, (/) - cycle Shift-Dir - straight line, f - starcursed mass
Aim: a starcursed mass (98% to hit)
You shoot a bolt. The bolt hits the starcursed mass!!
You destroy the starcursed mass!
A chorus of shrieks assaults your mind.
The ancient zyme hits you but does no damage.
The ancient zyme hits you!
* * * LOW HITPOINT WARNING * * *
Fire: i) +11 arbalest of the Ensconced Comet {elec, Str+3, Self, Range} (curse)
Press: ? - help, Q - select action, (/) - cycle Shift-Dir - straight line, f - ancient zyme
Aim: an ancient zyme (86% to hit)
You shoot a bolt. The bolt hits the ancient zyme!!!
Lightning courses through the ancient zyme!
You destroy the ancient zyme!
Fire: i) +11 arbalest of the Ensconced Comet {elec, Str+3, Self, Range} (curse)
Press: ? - help, Q - select action, (/) - cycle Shift-Dir - straight line, f - starcursed mass
Aim: a starcursed mass (98% to hit)
You shoot a bolt. The bolt hits the starcursed mass.
The starcursed mass is heavily damaged.
The starcursed mass shudders and is absorbed by its neighbour.
A wretched star comes into view.
Fire: i) +11 arbalest of the Ensconced Comet {elec, Str+3, Self, Range} (curse)
Press: ? - help, Q - select action, (/) - cycle Shift-Dir - straight line, f - starcursed mass
Aim: a starcursed mass (lightly damaged, 98% to hit)
You shoot a bolt. The bolt hits the starcursed mass!!
You destroy the starcursed mass!
The starcursed mass shrieks in your mind.
* * * LOW HITPOINT WARNING * * *
The starcursed mass shrieks in your mind.
* * * LOW HITPOINT WARNING * * *
Fire: i) +11 arbalest of the Ensconced Comet {elec, Str+3, Self, Range} (curse)
Press: ? - help, Q - select action, (/) - cycle Shift-Dir - straight line, f - starcursed mass
Aim: a starcursed mass (98% to hit)
Okay, then.
Unknown command.
Fire: i) +11 arbalest of the Ensconced Comet {elec, Str+3, Self, Range} (curse)
Press: ? - help, Q - select action, (/) - cycle Shift-Dir - straight line, f - wretched star
Aim: a wretched star (79% to hit)
You shoot a bolt. The bolt hits the wretched star!
The wretched star is lightly damaged.
The wretched star pulses with an eldritch light!
Your body decomposes!
You feel weakened.
The starcursed mass shrieks in your mind.
* * * LOW HITPOINT WARNING * * *
Fire: i) +11 arbalest of the Ensconced Comet {elec, Str+3, Self, Range} (curse)
Press: ? - help, Q - select action, (/) - cycle Shift-Dir - straight line, f/p - wretched star
Aim: a wretched star (lightly damaged, 79% to hit)
You shoot a bolt. The bolt hits the wretched star.
The wretched star is moderately damaged.
The starcursed mass misses you.
Fire: i) +11 arbalest of the Ensconced Comet {elec, Str+3, Self, Range} (curse)
Press: ? - help, Q - select action, (/) - cycle Shift-Dir - straight line, f/p - wretched star
Aim: a wretched star (moderately damaged, 79% to hit)
You shoot a bolt. The bolt hits the wretched star!
The wretched star is heavily damaged.
The starcursed mass shrieks in your mind.
* * * LOW HITPOINT WARNING * * *
The wretched star glows turbulently.
The lance of force hits you!
* * * LOW HITPOINT WARNING * * *
You are knocked back by the lance of force.
You slam into the stone wall!
* * * LOW HITPOINT WARNING * * *
Blink to where?
Press: ? - help, Dir - move target, p - wretched star
As you read the scroll of blinking, it crumbles to dust.
You pick up the abyssal rune and feel its power.
You now have 2 runes.
Press } to see all the runes you have collected.
You feel the abyssal rune guiding you out of this place.
The wretched star pulses with an eldritch light!
Your body decomposes!
You feel dopey.
The starcursed mass shrieks in your mind.
* * * LOW HITPOINT WARNING * * *
As you read the scroll of summoning, it crumbles to dust.
Wisps of shadow whirl around you...
The starcursed mass shrieks in your mind.
You die...

* *** * , * *
, *,, , ,*,
** * ,** , ,
,,* ~ , , , *
** ~ , , *, ,
, *, , , , *
* * , ,,* ,,
, ,, ,# * , *
~ , {*
#####.., , ,,
* ,, , **
##Z..## , *
,,, , ,, *, ,
*##x....# ,
*** * * , ,
*, #@x.#..,*
,,, , , ,,,
.,,.###...X.#
, * , , *P #
.#.
##...*##,* ,,
P# , .,#.
#####.#,, , *
, ....#...
*#.#⌠ ,, , ,
, * . .. #
...#.'## , ,,
* # , * #
∩∆'..# * * ,
#
..#*#...#.#*
{ , , ,, ..,.
#.. ###, ,,


You could see a starcursed mass (ally target), a wretched star, a friendly
worldbinder (summoned), a friendly unseen horror (summoned, wandering,
invisible) and a friendly spriggan defender simulacrum (summoned).

Vanquished Creatures
  Polyphemus (Shoals:2)
  A thorn hunter (Abyss:3)
  A tentacled starspawn (Abyss:3)
  Agnes (D:14)
  Ilsuiw (Shoals:2)
  3 azure jellies (IceCv)
  A nagaraja (Abyss:3)
  A rockslime (IceCv)
  Aizul (Shoals:1)
  An orc warlord (Orc:1)
  4 quicksilver oozes (IceCv)
  6 merfolk javelineers
  Josephine (D:11)
  14 merfolk impalers
  4 vault guards
  Fannar (D:9)
  4 hydras
  An ice dragon (Shoals:2)
  6 centaur warriors
  A catoblepas (Shoals:2)
  An alligator snapping turtle (Shoals:1)
  3 merfolk avatars
  5 ogre magi
  4 tengu warriors
  A dancing weapon (Elf:1)
  12 death yaks
  A satyr (Shoals:4)
  A boulder beetle (D:13)
  6 merfolk aquamancers
  21 two-headed ogres
  A thrashing horror (Abyss:3)
  Urug (Orc:2)
  2 wretched stars (Abyss:3)
  A fire crab (Lair:5)
  Lodul (D:11)
  10 sea snakes
  2 swamp dragons (Abyss:3)
  3 deep elf archers
  A swamp dragon (shapeshifter) (D:13)
  Pikel (D:6)
  3 deep elf zephyrmancers
  2 orange crystal statues (IceCv)
  2 deep elf pyromancers
  A necromancer (D:15)
  2 wizards
  19 harpies
  A lindwurm (Lair:5)
  6 ugly things
  22 manticores
  16 fauns
  An orc sorcerer (D:15)
  A worldbinder (Abyss:3)
  12 cyclopes
  8 black mambas
  7 merfolk sirens
  An apocalypse crab (Abyss:3)
  3 gargoyles
  Joseph (D:7)
  5 water nymphs
  Maurice (D:7)
  A naga mage (D:15)
  12 cane toads
  11 komodo dragons
  2 rime drakes
  An efreet (D:14)
  2 ancient zymes (Abyss:3)
  7 trolls
  26 merfolk
  10 wind drakes
  9 polar bears (Lair:5)
  A large abomination (Abyss:3)
  3 hornets
  16 blink frogs
  9 snapping turtles
  4 raiju (Lair:5)
  14 slime creatures
  2 dream sheep (Shoals:1)
  7 starcursed masses (Abyss:3)
  A meliai zombie (D:15)
  A vampire (D:9)
  51 yaks
  12 water elementals
  2 wyverns
  A fire elemental (Elf:1)
  9 wraiths
  Eustachio (D:6)
  3 basilisks
  2 steam dragons
  Menkaure (D:6)
  5 vampire mosquitoes
  5 wargs
  Duvessa (D:5)
  4 acid dragons
  13 hell hounds (Lair:5)
  9 water moccasins
  2 ice beasts
  3 great orb of eyes simulacra (IceCv)
  12 orc warriors
  A sky beast (D:6)
  12 black bears
  15 wolves
  5 boggarts (D:14)
  34 ogres
  11 centaurs
  2 lemures (D:6)
  A slime creature simulacrum (IceCv)
  A phantom (D:4)
  13 bullfrogs
  4 kobold brigands
  A wyvern zombie (D:8)
  4 scorpions
  5 glowing shapeshifter simulacra (IceCv)
  20 wights
  Dowan (D:5)
  18 killer bees
  5 electric eels
  8 howler monkeys
  3 centaur zombies
  2 jellies (Lair:5)
  A lava snake (D:14)
  3 gnoll boudas
  11 orc priests
  5 hounds
  4 iguanas
  24 orc wizards
  A boggart skeleton (D:15)
  2 killer bee zombies (D:8)
  2 howler monkey zombies (D:8)
  Robin (D:3)
  11 gnolls
  A river rat (Sewer)
  13 adders
  A shadow imp (D:8)
  A white imp (D:7)
  2 worms (D:2)
  A dart slug (D:1)
  60 orcs
  2 bats
  5 endoplasms
  4 giant cockroaches
  15 goblins
  7 hobgoblins
  18 kobolds
  3 quokkas
  10 ball pythons
  9 frilled lizards
  33 rats
  A lurking horror (Abyss:3)
  2 starspawn tentacles (Abyss:3)
940 creatures vanquished.

Vanquished Creatures (others)
  A great orb of eyes simulacrum (IceCv)
  A glowing shapeshifter simulacrum (IceCv)
  9 fungi
  104 plants
  A starspawn tentacle (Abyss:3)
116 creatures vanquished.

Grand Total: 1056 creatures vanquished

Notes
Turn   | Place    | Note
-------+----------+-------------------------------------------
     0 | D:1      | Flugkiller the Mummy Ice Elementalist began the quest for
                  | the Orb.
     0 | D:1      | Reached XP level 1. HP: 13/13 MP: 4/4
     0 | D:1      | Noticed a jelly
     2 | D:1      | Found a runed translucent door.
   389 | D:1      | Reached XP level 2. HP: 15/20 MP: 4/6
   564 | D:1      | Reached skill level 1 in Fighting
  1206 | D:2      | Noticed a scorpion
  1215 | D:2      | Killed a scorpion
  1216 | D:2      | Gained mutation: You are in touch with the powers of death.
                  | [Mummy growth]
  1216 | D:2      | Reached XP level 3. HP: 23/27 MP: 7/7
  1216 | D:2      | Reached XP level 4. HP: 28/33 MP: 8/8
  1470 | D:2      | Identified the +11 arbalest of the Mushroom {elec, Str+3}
  1529 | D:2      | Found Qeddose's Book Emporium.
  1683 | D:3      | Found an ornate altar of the Wu Jian Council.
  1708 | D:3      | Reached XP level 5. HP: 38/38 MP: 9/9
  1852 | D:3      | Noticed Robin
  1860 | D:3      | Killed Robin
  1986 | D:3      | Found a shadowy altar of Dithmenos.
  2048 | D:3      | Found a glowing drain.
  2059 | Sewer    | Entered a sewer
  2259 | Sewer    | Reached skill level 1 in Ranged Weapons
  2352 | D:3      | Found a faded altar of an unknown god.
  2729 | D:4      | Reached XP level 6. HP: 46/46 MP: 11/11
  3227 | D:4      | Found a staircase to the Ecumenical Temple.
  3256 | Temple   | Entered the Ecumenical Temple
  3552 | Temple   | Became a worshipper of Ashenzari the Shackled
  3633 | D:5      | Entered Level 5 of the Dungeon
  3749 | D:5      | Reached XP level 7. HP: 52/52 MP: 13/13
  3753 | D:5      | Learned a level 3 spell: Frozen Ramparts
  3829 | D:5      | Noticed Duvessa
  3829 | D:5      | Noticed Dowan
  3902 | D:5      | Found Weulerix's Book Shoppe.
  3912 | D:5      | Reached skill level 5 in Spellcasting
  4296 | D:5      | Found Qanwao's Serpentskin Sales.
  4729 | D:5      | Reached skill level 5 in Ice Magic
  4729 | D:5      | Reached XP level 8. HP: 60/60 MP: 15/15
  4741 | D:5      | Killed Dowan
  4746 | D:5      | Killed Duvessa
  5044 | D:6      | Reached skill level 5 in Ranged Weapons
  5046 | D:6      | Noticed Eustachio
  5053 | D:6      | Killed Eustachio
  5115 | D:6      | Reached XP level 9. HP: 65/65 MP: 16/16
  5213 | D:6      | Noticed Menkaure
  5214 | D:6      | Noticed Pikel
  5215 | D:6      | Found a snail-covered altar of Cheibriados.
  5364 | D:5      | Reached * piety under Ashenzari
  5733 | D:6      | Identified the +0 chain mail "Tashrias" {Drain Fly rF++}
  5734 | D:6      | Killed Pikel
  5735 | D:6      | Reached skill level 3 in Dodging
  5860 | D:6      | Killed Menkaure
  5885 | D:6      | Reached skill level 4 in Dodging
  6140 | D:7      | Reached ** piety under Ashenzari
  6410 | D:7      | Noticed Joseph
  6413 | D:7      | Killed Joseph
  6414 | D:7      | Reached skill level 5 in Fighting
  6414 | D:7      | Reached XP level 10. HP: 74/74 MP: 17/17
  6587 | D:7      | Identified the +1 rapier of Uskayaw's Displeasure {drain,
                  | *Rage rC- rCorr Dex+9}
  6969 | D:8      | Noticed a two-headed ogre
  7022 | D:8      | Noticed Maurice
  7022 | D:8      | Found a shimmering blue altar of Sif Muna.
  7025 | D:8      | Reached skill level 1 in Evocations
  7034 | D:7      | Killed Maurice
  7648 | D:8      | Found Ysturiusa's Jewellery Shop.
  7781 | D:8      | Killed a two-headed ogre
  7782 | D:8      | Reached XP level 11. HP: 62/81 MP: 18/18
  7844 | D:8      | Reached skill level 5 in Dodging
  7943 | D:8      | Found a sacrificial altar of Ru.
  8289 | D:9      | Noticed a two-headed ogre
  8292 | D:9      | Killed a two-headed ogre
  8293 | D:9      | Reached skill level 10 in Ranged Weapons
  8470 | D:9      | Noticed a two-headed ogre
  8750 | D:8      | Bought an amulet of regeneration for 360 gold pieces
  8755 | D:8      | Reached *** piety under Ashenzari
  8786 | D:9      | Killed a two-headed ogre
  8922 | D:9      | Noticed a two-headed ogre
  8972 | D:9      | Killed a two-headed ogre
  8973 | D:9      | Reached skill level 6 in Dodging
  9102 | D:9      | Noticed a centaur warrior
  9109 | D:9      | Killed a centaur warrior
  9147 | D:9      | Reached **** piety under Ashenzari
  9175 | D:9      | Noticed a five-headed hydra
  9255 | D:9      | Learned a level 4 spell: Summon Ice Beast
  9608 | D:10     | Entered Level 10 of the Dungeon
  9618 | D:10     | Noticed Fannar
  9631 | D:10     | Reached skill level 1 in Summonings
  9631 | D:10     | Noticed a centaur warrior
  9635 | D:9      | Killed Fannar
 10158 | D:10     | Killed a centaur warrior
 10159 | D:10     | Reached XP level 12. HP: 63/95 MP: 21/21
 10325 | D:10     | Noticed a two-headed ogre
 10329 | D:10     | Killed a two-headed ogre
 10617 | D:11     | Identified the +0 robe "Qum Heets" {rC+ Regen+}
 10779 | D:11     | Found a staircase to the Orcish Mines.
 10874 | D:11     | Found a staircase to the Lair.
 10976 | D:11     | Noticed Lodul
 10988 | D:11     | Killed Lodul
 11501 | Lair:1   | Entered Level 1 of the Lair of Beasts
 11943 | Lair:1   | Identified a scroll of acquirement
 12251 | Lair:2   | Reached ***** piety under Ashenzari
 12261 | Lair:2   | Reached skill level 5 in Evocations
 12305 | Lair:2   | Reached skill level 7 in Dodging
 12472 | Lair:2   | Noticed a four-headed hydra
 12474 | Lair:2   | Killed a four-headed hydra
 12922 | Lair:2   | Found a staircase to the Shoals.
 13202 | Lair:3   | Noticed a seven-headed hydra
 13206 | Lair:3   | Killed a seven-headed hydra
 13207 | Lair:3   | Gained mutation: You are strongly in touch with the powers
                  | of death. [Mummy growth]
 13207 | Lair:3   | Reached XP level 13. HP: 102/102 MP: 23/23
 13370 | Lair:3   | Reached skill level 8 in Dodging
 13670 | Lair:3   | Found a staircase to the Snake Pit.
 14002 | Lair:4   | Reached skill level 9 in Dodging
 14661 | Lair:5   | Entered Level 5 of the Lair of Beasts
 14679 | Lair:4   | Acquired the +5 ring mail of the Gastropod {Will- MP+9
                  | Dex+6 Stlth-}
 14826 | Lair:5   | Reached skill level 10 in Dodging
 15012 | Lair:5   | Learned a level 3 spell: Ozocubu's Armour
 15153 | Lair:5   | Reached skill level 11 in Dodging
 15273 | Lair:5   | Found a staircase to the Slime Pits.
 15274 | Lair:5   | Found a viscous altar of Jiyva.
 15520 | Lair:5   | Reached XP level 14. HP: 88/110 MP: 24/24
 15848 | Lair:5   | Reached skill level 12 in Dodging
 16241 | D:12     | Noticed Josephine
 16286 | D:11     | Killed Josephine
 16792 | D:13     | Identified the +1 leather armour of Hanto {Int+2}
 16835 | D:13     | Reached skill level 13 in Dodging
 16974 | D:13     | Found a gate to the Vaults.
 17578 | D:13     | Reached skill level 10 in Fighting
 17768 | D:14     | Noticed Agnes
 17777 | D:14     | Killed Agnes
 18003 | D:14     | Reached XP level 15. HP: 121/124 MP: 25/25
 18386 | D:15     | Entered Level 15 of the Dungeon
 18609 | D:15     | Reached skill level 1 in Armour
 18703 | D:15     | Found a stormy altar of Qazlal.
 18780 | D:15     | Found a staircase to the Depths.
 18966 | Orc:1    | Entered Level 1 of the Orcish Mines
 19138 | Orc:2    | Entered Level 2 of the Orcish Mines
 19257 | Orc:2    | Found Poez's Antique Weapon Boutique.
 19375 | Orc:2    | Paralysed by an ogre mage for 2 turns
 19378 | Orc:2    | Reached skill level 5 in Armour
 19476 | Orc:2    | Found Mewegh's Distillery.
 19476 | Orc:2    | Found Jishrem's Distillery.
 19477 | Orc:2    | Found Turuoklic's Magic Scroll Shop.
 19477 | Orc:2    | Found Wonumn's Jewellery Shoppe.
 19497 | Orc:2    | Bought a scroll of blinking for 75 gold pieces
 19507 | Orc:2    | Found a staircase to the Elven Halls.
 19537 | Orc:2    | Found Ulliaq's Firing Range.
 19616 | Orc:2    | Noticed Urug
 19622 | Orc:2    | Killed Urug
 19881 | Orc:2    | Learned a level 3 spell: Swiftness
 20070 | Shoals:1 | Entered Level 1 of the Shoals
 20114 | Shoals:1 | Reached skill level 1 in Air Magic
 20333 | Shoals:1 | Found an iron altar of Okawaru.
 20358 | Shoals:1 | Noticed Aizul
 20366 | Shoals:1 | Killed Aizul
 20576 | Shoals:1 | Reached XP level 16. HP: 133/133 MP: 26/26
 20958 | D:5      | Bought the Disquisition on Hexes and Arcane Weapons for 420
                  | gold pieces
 20963 | D:5      | Learned a level 4 spell: Leda's Liquefaction
 21227 | Shoals:2 | Noticed Ilsuiw
 21272 | Shoals:2 | Identified the +7 lajatang of the Rotten God {pain, Will+
                  | rCorr MP-9 Dex+3}
 21290 | Shoals:2 | Reached skill level 1 in Hexes
 21290 | Shoals:2 | Reached skill level 1 in Earth Magic
 21296 | Shoals:2 | Noticed Polyphemus
 21303 | Shoals:2 | Killed Polyphemus
 21305 | Shoals:2 | Found a frozen archway.
 21318 | IceCv    | Entered an ice cave
 21716 | IceCv    | Found a viscous altar of Jiyva.
 21807 | IceCv    | Identified the +3 troll leather armour "Nymim" {Will+
                  | Regen+ Int+6}
 21808 | IceCv    | Identified the +1 ring mail of Too Many Cooks {Str+4}
 21809 | IceCv    | Identified the +1 leather armour of the Spheres {rElec rC+
                  | Will+ MP-9}
 22225 | Shoals:2 | Reached skill level 5 in Hexes
 22274 | Shoals:2 | Killed Ilsuiw
 22411 | Shoals:2 | Reached skill level 5 in Earth Magic
 22672 | Shoals:3 | Identified the +8 rapier of Weeneuba {antimagic, Dex+3
                  | Stlth+}
 23015 | Orc:2    | Bought a +6 ring of dexterity for 612 gold pieces
 23373 | Shoals:3 | Reached skill level 14 in Dodging
 23581 | Shoals:4 | Entered Level 4 of the Shoals
 23771 | Shoals:4 | Reached XP level 17. HP: 80/138 MP: 27/27
 24114 | Shoals:4 | Reached skill level 15 in Dodging
 24262 | Shoals:4 | Got a barnacled rune of Zot
 24393 | Shoals:4 | Identified the +10 eveningstar "Oxtiqumugh" {holy, Int+4}
 24406 | Shoals:4 | Identified the amulet "Sisulle" {Spirit rPois Regen+ SInv
                  | Stlth+}
 24951 | Snake:1  | Entered Level 1 of the Snake Pit
 25059 | Elf:1    | Entered Level 1 of the Elven Halls
 25099 | Orc:2    | Reached skill level 16 in Dodging
 25376 | Abyss:3  | Cast into level 3 of the Abyss (a deep elf sorcerer)
 25488 | Abyss:3  | Got an abyssal rune of Zot
 25488 | Abyss:3  | HP: 3/138 [starcursed mass/accursed screaming (8)]
 25489 | Abyss:3  | Killed from afar by a starcursed mass

Illustrated notes

Levels and vault maps discovered:
D:1:      dpeg_arrival_caged_fury, layout_basic, palyth_stone_intersect,
          minmay_parallelograms
D:2:      layout_basic, serial_shops, nicolae_shop_behind_doors,
          kennysheep_generic_room_11
D:3:      layout_basic, mainiacjoe_overflow_catwalk,
          mainiacjoe_overflow_small_starburst,
          hellmonk_ecumenical_altar_pennies_from_heaven, portal_sewer_entry_e,
          minmay_rat_hole, uniq_robin
D:4:      layout_loops_ring, minmay_temple_entry_glassed_door
D:5:      layout_basic, serial_shops, nicolae_shop_hallway_stairs,
          guppyfry_shop_venom, uniq_duvessa
D:6:      layout_basic, amcnicky_altar_gilded, uniq_eustachio, uniq_menkaure,
          uniq_pikel
D:7:      layout_loops_cross, minmay_joined_circles, uniq_joseph
D:8:      layout_basic, nicolae_ru_great_annihilating_truth,
          mainiacjoe_overflow_boulevard, serial_shops, nicolae_take_the_stairs,
          serial_undead, serial_undead_d, serial_undead_a, serial_undead_b,
          serial_undead_a, uniq_maurice
D:9:      nzn_winding_woodlands_medium [nzn_winding_woodlands_5x5_default,
          nzn_winding_woodlands_5x15_river_crossing,
          nzn_winding_woodlands_5x5_checkerboard,
          nzn_winding_woodlands_5x5_three,
          nzn_winding_woodlands_center_diamonds,
          nzn_winding_woodlands_5x5_closed_star,
          nzn_winding_woodlands_5x5_cross, nzn_winding_woodlands_5x15_cabin,
          nzn_winding_woodlands_hourglass], layout_long_grid, serial_bayou,
          serial_bayou_crossing, serial_bayou_pond_e, serial_bayou_pond_d,
          serial_bayou_lagoon_a
D:10:     layout_basic, uniq_fannar
D:11:     layout_stronghold, lair_entry_dummy, minmay_orc_entry_temple_small,
          uniq_lodul
D:12:     layout_big_octagon, dreamdust_princess_corridor, uniq_josephine
D:13:     statuecave_lemuel, layout_basic, lightli_vaults_fourway_checkpoint
D:14:     layout_irregular_city, nicolae_lava_and_water, uniq_agnes
D:15:     grunt_enter_depths_magical_seal, layout_rooms,
          nicolae_qazlal_scattered_showers, minmay_microvault
Temple:   minmay_temple_bridge_d
Lair:1:   layout_regular_city
Lair:2:   layout_cave_pods, minmay_shoals_entry_lonely_mermaid,
          beast_lair_carwin_6
Lair:3:   layout_gridlike, dummy_snake_entry
Lair:4:   layout_cave_pods
Lair:5:   hangedman_lair_caniforms_friends, layout_gridlike,
          minmay_slime_entry_pillars
Shoals:1: layout_shoals, lemuel_centaur_altar, uniq_aizul
Shoals:2: layout_shoals, portal_ice_cave_entry_dragon, uniq_polyphemus,
          uniq_ilsuiw
Shoals:3: layout_shoals, nicolae_shoals_mertower
Shoals:4: shoals_end_simple, layout_shoals
Snake:1:  layout_misc_corridors, grunt_ministairs_3, evilmike_ambush
          [evilmike_ambush_outer_basic, evilmike_ambush_inner_pond],
          grunt_megastairs_2, uniq_jorgrun
Orc:1:    layout_caves, basic_altar, roderic_batcave
Orc:2:    st_orc_ogre_mass, layout_diamond_mine, serial_shops,
          nicolae_shop_overgrown_old_shop, nicolae_shop_firing_range, uniq_urug
Elf:1:    layout_loops_corners, serial_shops, nicolae_shop_trees,
          minmay_elf_annihilation
Abyss:3:  base: Vaults:4, hangedman_abyss_stitches_cave,
          nicolae_abyss_rune_left_handed, hangedman_abyss_river_spirits

Skill      XL: |  1  2  3  4  5  6  7  8  9 10 11 12 13 14 15 16 17 |
---------------+----------------------------------------------------+-----
Spellcasting   | 3 4 5 |  5.0
Fighting       | 2 3 4 5 6 7 10 11 | 11.7
Axes           | 2 3 |  3.1
Ranged Weapons | 1 2 3 6 8 9 10 12 | 12.5
Ice Magic      | 4 5 6 |  6.0
Dodging        | 4 6 7 11 13 14 16 | 16.5
Evocations     | 3 4 6 |  6.6
Summonings     | 2 4 |  4.0
Armour         | 8 |  8.6
Air Magic      | 3 |  3.9
Hexes          | 6 |  6.0
Earth Magic    | 5 |  5.7
Stealth        | |  1.5

Action                   |  1- 3 |  4- 6 |  7- 9 | 10-12 | 13-15 | 16-18 || total
-------------------------+-------+-------+-------+-------+-------+-------++-------
Melee: Unarmed           |     8 |       |       |       |       |       ||     8
       Dagger            |     8 |       |       |       |       |       ||     8
       Broad axe         |    24 |    18 |       |       |       |       ||    42
 Fire: Arbalest          |       |   112 |   175 |   510 |   959 |   736 ||  2492
 Cast: Freeze            |     9 |    15 |       |       |       |       ||    24
       Frozen Ramparts   |       |       |     1 |     4 |     3 |       ||     8
       Ozocubu's Armour  |       |       |       |       |     9 |     2 ||    11
Invok: Curse Item        |       |       |     3 |     7 |     1 |       ||    11
       Shatter the Chain |       |       |       |     2 |     1 |     2 ||     5
Evoke: Wand              |       |       |     1 |     1 |     2 |     7 ||    11
       Phantom mirror    |       |       |       |       |     1 |       ||     1
  Use: Scroll            |       |     9 |     6 |     6 |     3 |     7 ||    31
 Stab: Sleeping          |     7 |       |       |       |       |       ||     7
Armor: Robe              |     6 |    19 |     7 |    40 |       |    12 ||    84
       Troll leather arm |       |       |       |    28 |   121 |   145 ||   294
Dodge: Dodged            |    26 |    39 |    78 |   240 |   615 |   737 ||  1735

Table legend: (Time is in decaauts)
 A = Elapsed time spent in this place.
 B = Non-inter-level travel time spent in this place.
 C = Inter-level travel time spent in this place.
 D = Time resting spent in this place.
 E = Time spent auto-exploring this place.
 F = Levels seen in this place.
 G = Mean time per level.
                   A        B        C        D        E       F      G
               +--------+--------+--------+--------+--------+-----+--------+
         Total |  26348 |  23219 |   3129 |   2773 |  14538 |  32 |  823.4 |
       Dungeon |  14550 |  13156 |   1394 |   1988 |   8257 |  15 |  970.0 |
        Temple |    364 |    225 |    139 |      0 |    213 |   1 |  364.0 |
          Lair |   5253 |   4308 |    945 |     52 |   3266 |   5 | 1050.6 |
        Shoals |   3726 |   3262 |    464 |    388 |   1770 |   4 |  931.5 |
     Snake Pit |      1 |      1 |      0 |      0 |      0 |   1 |    1.0 |
  Orcish Mines |   1285 |   1101 |    184 |    166 |    657 |   2 |  642.5 |
   Elven Halls |    132 |    132 |      0 |     12 |     61 |   1 |  132.0 |
         Abyss |    112 |    112 |      0 |      0 |      0 |   1 |  112.0 |
         Sewer |    315 |    315 |      0 |      0 |    196 |   1 |  315.0 |
      Ice Cave |    606 |    606 |      0 |    167 |    117 |   1 |  606.0 |
               +--------+--------+--------+--------+--------+-----+--------+

Top non-repeatable levels by time:
     D:5: 1568 daAuts
     D:9: 1510 daAuts
    D:11: 1390 daAuts
  Lair:5: 1339 daAuts
     D:7: 1284 daAuts
  Lair:2: 1259 daAuts
     D:8: 1164 daAuts
   Orc:2: 1078 daAuts
     D:1: 1062 daAuts
     D:6: 997 daAuts
  Lair:1: 989 daAuts
Shoals:4: 967 daAuts
Shoals:1: 948 daAuts
Shoals:3: 916 daAuts
    D:13: 901 daAuts
